 Dungeon Crawl Stone Soup version 0.31.0-1-g2c135a008e (webtiles) character file.

Game seed: 18249415007777116290

198 qw the Shooter (level 6, 0/46 HPs)
             Began as a Djinni Hunter on Jan 23, 2024.
             Slain by a gnoll
             ... wielding a +0 spear
              (3 damage)
             ... on level 4 of the Dungeon.
             The game lasted 00:00:09 (2615 turns).

qw the Shooter (Djinni Hunter)                      Turns: 2615, Time: 00:00:09

Health: 0/46       AC:  5    Str: 10    XL:     6   Next: 5%
Gold:   154        EV: 11    Int: 10    God:
                   SH:  0    Dex: 19

rFire   + + .        a - +0 shortbow
rCold   x . .        (shield currently unavailable)
rNeg    . . .        e - +0 ring mail
rPois   inf          (no helmet)
rElec   .            (no cloak)
rCorr   +            (no gloves)
SInv    .            (boots unavailable)
Will    .....        g - amulet of the acrobat
Stlth   +            h - ring of resist corrosion
HPRegen 0.27/turn    (no ring)
MPRegen 0.00/turn

%: acrobat, infuse magic (-1 HP)
@: flying
A: sickness immunity, fire resistance 2, cold vulnerability 1, float, innate
caster, HP casting, extra vitality 1
a: no special abilities


You were on level 4 of the Dungeon.
You visited 1 branch of the dungeon, and saw 4 of its levels.

You collected 154 gold pieces.


Innate Abilities, Weirdness & Mutations

You are immune to sickness and miasma.
You are immune to poison.
Your flesh is very heat resistant. (rF++)
You are vulnerable to cold. (rC-)
You float through the air rather than walking.
You learn spells naturally, not from books.
Your magical power is your life essence.
You have superior vitality. (+4 MHP)


   Skills:
 - Level 3.2 Fighting
 + Level 4.7 Ranged Weapons
 - Level 1.2 Armour
 - Level 3.0 Dodging
 - Level 0.7 Stealth


You knew the following spells:

 Your Spells              Type           Power      Damage    Failure   Level
a - Kiss of Death         Conj/Necr      0%         2d5       67%         1
b - Call Imp              Summ           0%         N/A       82%         2
Your spell library was empty.

Inventory:

Hand Weapons
 a - a +0 shortbow (weapon)
Armour
 e - a +0 ring mail (worn)
Jewellery
 g - an amulet of the acrobat (around neck)
 h - a ring of resist corrosion (left hand)
Potions
 b - a potion of heal wounds {unknown}
 c - a potion of lignification {unknown}
 d - a potion of brilliance {unknown}

Dungeon Overview and Level Annotations

Branches:
Dungeon (4/15)
 Temple: D:4-7

Altars:
Trog

Shops:
D:1 :


Message History

The gnoll closely misses you. The gnoll hits you with a +0 flail!
You shoot an arrow.
The arrow hits the gnoll but does no damage.
The gnoll is moderately wounded.
The gnoll barely misses you.
You shoot an arrow. The arrow barely misses the gnoll.
The gnoll closely misses you. The gnoll barely misses you.
You shoot an arrow.
The arrow hits the gnoll but does no damage.
The gnoll is moderately wounded.
The gnoll barely misses you. The gnoll closely misses you.
The gnoll barely misses you. The gnoll hits you with a +0 flail.
You shoot an arrow. The arrow hits the gnoll.
The gnoll is severely wounded.
The gnoll hits you with a +0 flail!
The gnoll hits you from afar with a +0 spear.
You shoot an arrow. The arrow barely misses the gnoll.
The arrow hits the goblin.
The goblin is heavily wounded.
The gnoll hits you from afar with a +0 spear.
The gnoll hits you with a +0 flail.
You shoot an arrow. The arrow hits the gnoll!
You kill the gnoll!
The gnoll barely misses you.
The gnoll hits you from afar with a +0 spear.
The goblin closely misses you.
You have reached level 6!
You shoot an arrow. The arrow closely misses the goblin.
The goblin hits you but does no damage. The gnoll closely misses you.
You shoot an arrow. The arrow hits the goblin.
You kill the goblin!
The gnoll hits you from afar with a +0 spear!
You shoot an arrow. The arrow hits the gnoll!
The gnoll is severely wounded.
The gnoll hits you from afar with a +0 spear.
You shoot an arrow. The arrow hits the gnoll.
The gnoll is almost dead.
The gnoll closely misses you.
The gnoll hits you from afar with a +0 spear.
You die...

.. .. ..... ##...## #...#.. .....
#### .)g ###..#######
####)####...>......#
#....@..#...........
#.}...}.#...#.....##
#)......##..#######
+...}...'.........# .
#.......####......# #. #.}...}.#.
##....###..
#####.#.......#.###...###...
######..#..####+####........#....
.#.#....................#........


You could see a gnoll.

Vanquished Creatures
  A bombardier beetle (D:4)
  6 gnolls
  3 adders
  4 dart slugs
  A ribbon worm (D:3)
  An orc (D:3)
  5 endoplasms
  2 giant cockroaches
  7 goblins
  5 hobgoblins
  6 jackals
  8 kobolds
  4 quokkas
  5 ball pythons
  3 bats
  3 frilled lizards
  4 rats
68 creatures vanquished.

Notes
Turn   | Place    | Note
-------+----------+-------------------------------------------
     0 | D:1      | qw the Djinni Hunter began the quest for the Orb.
     0 | D:1      | Reached XP level 1. HP: 18/18 MP: 0/0
     0 | D:1      | 0 ||| qw: Version: 0.3-a-136-gdd3b4e8
     0 | D:1      | 0 ||| qw: Game counter: 1017
     0 | D:1      | 0 ||| qw: Melee chars always use a shield: true
     0 | D:1      | 0 ||| qw: God list: Okawaru
     0 | D:1      | 0 ||| qw: Allow faded altars: false
     0 | D:1      | 0 ||| qw: Do Orc after clearing Dungeon:15 true
     0 | D:1      | 0 ||| qw: Do second Lair branch before Depths: true
     0 | D:1      | 0 ||| qw: Lair rune preference: random
     0 | D:1      | 0 ||| qw: Goals: Normal
     0 | D:1      | 0 ||| PLANNING D:1-11
    56 | D:1      | Reached XP level 2. HP: 23/23 MP: 0/0
    71 | D:1      | Found Reime's Book Boutique.
   325 | D:1      | Reached XP level 3. HP: 28/28 MP: 0/0
   325 | D:1      | Learned a level 1 spell: Kiss of Death
   337 | D:1      | Reached skill level 4 in Ranged Weapons
   907 | D:1      | Found a faded altar of an unknown god.
   958 | D:1      | 958 ||| DROPPING scroll of butterflies.
   972 | D:2      | 972 ||| STAIRDANCE
   978 | D:1      | Reached XP level 4. HP: 19/34 MP: 0/0
   979 | D:1      | HP: 8/34 [gnoll/+0 whip (3)]
   981 | D:1      | Reached skill level 3 in Fighting
  1086 | D:2      | 1086 ||| STAIRDANCE
  1161 | D:2      | 1161 ||| STAIRDANCE
  1402 | D:2      | Reached skill level 3 in Dodging
  1617 | D:2      | Reached XP level 5. HP: 36/40 MP: 0/0
  1617 | D:2      | Learned a level 2 spell: Call Imp
  1832 | D:2      | 1832 ||| UPGRADING to +0 ring mail.
  1842 | D:2      | 1842 ||| DROPPING +0 leather armour.
  1843 | D:2      | 1843 ||| READING scroll labelled UMIEDD HORHO.
  1844 | D:2      | 1844 ||| READING scroll labelled MOUD BEUSSEY.
  1845 | D:2      | 1845 ||| READING scroll labelled MOKA GAYTUOGEN.
  2046 | D:3      | Found a bloodstained altar of Trog.
  2089 | D:3      | Reached skill level 1 in Armour
  2388 | D:3      | 2388 ||| UPGRADING to amulet of the acrobat.
  2393 | D:3      | 2393 ||| UPGRADING to ring of resist corrosion.
  2394 | D:3      | 2394 ||| READING scroll labelled JITUUS BAMNIZ.
  2495 | D:3      | 2495 ||| READING scroll labelled ODWY YNUATHOB.
  2611 | D:4      | HP: 8/40 [gnoll/+0 spear (3)]
  2612 | D:4      | Reached XP level 6. HP: 10/46 MP: 0/0
  2613 | D:4      | HP: 3/46 [gnoll/+0 spear (7)]
  2615 | D:4      | Slain by a gnoll

Levels and vault maps discovered:
D:1:      dpeg_arrival_short_road, layout_basic, ebering_ecumenical_altar_webs,
          serial_shops, shop, columned_hall_lemuel
D:2:      layout_basic
D:3:      layout_rooms, bloody_trog, mainiacjoe_overflow_six_doors_small
D:4:      layout_cave_pools, zin_angel, mainiacjoe_overflow_boulevard,
          temple_green, minmay_fountain_box, kennysheep_small_square

Skill      XL: |  1  2  3  4  5 |
---------------+----------------+-----
Ranged Weapons | 4 |  4.7
Fighting       | 3 |  3.2
Dodging        | 3 |  3.0
Armour         | 1 |  1.2
Stealth        | |  0.7

Action                     |  1- 3 |  4- 6 || total
---------------------------+-------+-------++-------
   Fire: Shortbow          |    94 |   125 ||   219
    Use: Scroll            |       |     5 ||     5
 Armour: Leather armour    |    30 |    21 ||    51
         Ring mail         |       |    28 ||    28
  Dodge: Dodged            |    36 |    46 ||    82

Table legend:
 A = Non-vault XP
 B = Vault XP
 C = Vault XP percentage of total XP
 D = Non-vault monster count
 E = Vault monster count
 F = Vault count percentage of total count
                 A         B        C        D         E       F
            +---------+---------+-------+---------+---------+-------
      Total |     283 |       0 |   0.0 |      68 |       0 |   0.0
            +---------+---------+-------+---------+---------+-------
        D:1 |      99 |       0 |   0.0 |      33 |       0 |   0.0
        D:2 |      53 |       0 |   0.0 |      15 |       0 |   0.0
        D:3 |      52 |       0 |   0.0 |      16 |       0 |   0.0
        D:4 |      79 |       0 |   0.0 |       4 |       0 |   0.0
            +---------+---------+-------+---------+---------+-------
